 Dungeon Crawl Stone Soup version 0.28-a0-845-gfc338a8e3c (webtiles) character file.

Game seed: 7307156116901256395

11327 ders the Geomancer (level 11, -1/57 HPs)
             Began as a Gargoyle Earth Elementalist on Nov 12, 2021.
             Was a Believer of Vehumet.
             Shot with a bolt by a yaktaur (27 damage)
             ... on level 10 of the Dungeon.
             The game lasted 00:19:00 (13364 turns).

ders the Geomancer (Gargoyle Earth Elementalist)   Turns: 13364, Time: 00:19:00

Health: -1/57      AC: 12    Str: 17    XL:     11   Next: 76%
Magic:  15/25      EV: 26    Int: 20    God:    Vehumet [**....]
Gold:   480        SH:  0    Dex: 10    Spells: 27/31 levels left

rFire   . . .      SeeInvis +   A - +6 flail of the Wasp {freeze, rElec rN+}
rCold   . . .      Faith    .   (no shield)
rNeg    + + .      Spirit   .   y - +1 robe {Archmagi}
rPois   ∞          Reflect  .   (no helmet)
rElec   +          Harm     .   (no cloak)
rCorr   .          Rampage  .   (no gloves)
Will    .....      Archmagi +   q - +0 pair of boots
Stlth   ++........              m - amulet of the acrobat
HPRegen 0.19/turn               r - +6 ring of strength
MPRegen 0.19/turn               t - ring of see invisible

@: acrobatic
A: sickness immunity, AC +8, negative energy resistance 1, electricity
resistance, torment resistance 1, petrification resistance
a: Renounce Religion


You were on level 10 of the Dungeon.
You worshipped Vehumet.
Vehumet was pleased with you.
You visited 3 branches of the dungeon, and saw 12 of its levels.

You collected 480 gold pieces.

Inventory:

Hand Weapons
 d - a +0 vorpal mace
 f - a +2 dagger of speed
 A - the +6 flail of the Wasp (weapon) {freeze, rElec rN+}
   (You took it off a gnoll sergeant on level 9 of the Dungeon)

   It freezes those it strikes, dealing additional cold damage.
   It can also slow down cold-blooded creatures.
   rElec:     It insulates you from electricity.
   rN:        It protects you from negative energy.
Missiles
 c - 111 stones
Armour
 b - a +1 robe
 q - a +0 pair of boots (worn)
 x - +0 steam dragon scales
 y - a +1 robe of the Archmagi (worn)
Jewellery
 m - an amulet of the acrobat (around neck)
 r - a +6 ring of strength (left hand)
 t - a ring of see invisible (right hand)
 w - an amulet of reflection
Wands
 o - a wand of flame (12)
Scrolls
 u - a scroll of brand weapon {unknown}
 z - a scroll of blinking
Potions
 a - 2 potions of magic
 e - a potion of degeneration {unknown}
 g - 3 potions of mutation
 h - 3 potions of curing
 i - a potion of ambrosia {unknown}
 j - a potion of berserk rage {unknown}
 k - a potion of might
 l - a potion of resistance {unknown}
 n - a potion of invisibility
 p - 2 potions of heal wounds {unknown}
 s - 2 potions of attraction {unknown}


   Skills:
 + Level 1.9 Fighting
 + Level 1.1 Short Blades
 + Level 0.7 Maces & Flails
 - Level 1.5 Dodging
 + Level 3.9 Stealth
 + Level 10.5 Spellcasting
 * Level 10.3 Conjurations
 + Level 0.7 Transmutations
 + Level 12.9 Earth Magic


You had 27 spell levels left.
You knew the following spells:

 Your Spells              Type           Power      Damage    Failure   Level
a - Sandblast             Erth           100%       2d20      1%          1
b - Stone Arrow           Conj/Erth      100%       3d13      1%          3

Your spell library contained the following spells:

 Spells                   Type           Power      Damage    Failure   Level
 Scorch                   Fire           30%        2d6       10%         2
 Passwall                 Tmut/Erth      45%        N/A       1%          2
 Petrify                  Tmut/Erth      54%        N/A       4%          4
 Animate Skeleton         Necr           30%        N/A       7%          1
 Pain                     Necr           60%        1d7       7%          1
 Gell's Gravitas          Tloc           15%        N/A       21%         3
 Lesser Beckoning         Tloc           15%        N/A       21%         3
 Ozocubu's Armour         Ice            15%        N/A       21%         3
 Teleport Other           Tloc           15%        N/A       21%         3
 Vampiric Draining        Necr           15%        2d7       21%         3
 Conjure Ball Lightning   Conj/Air       23%        3x3d6     77%         6
 Ozocubu's Refrigeration  Ice            7%         4d6       100%        7
 Discord                  Hex            7%         N/A       100%        8
 Disjunction              Tloc           7%         N/A       100%        8


Dungeon Overview and Level Annotations

Branches:
Dungeon (10/15)            Temple (1/1) D:6            Lair (1/6) D:9
    Orc: D:9-12

Altars:
Ashenzari
Cheibriados
Dithmenos
Elyvilon
Fedhas
Gozag
Hepliaklqana
Kikubaaqudgha
Makhleb
Nemelex Xobeh
Okawaru
Qazlal
Ru
Sif Muna
Trog
Uskayaw
Vehumet
Wu Jian
Xom
Yredelemnul
Zin
The Shining One

Shops:
D:6 =

Annotations:
D:4 2 transporters, Dvallin's ghost, amateur KoMo
D:5 2 transporters, AttackTheMoon's ghost, novice DjFE


Innate Abilities, Weirdness & Mutations

You are immune to sickness and miasma.
Your stone body is resilient. (AC +8)
You are immune to poison.
You resist negative energy. (rN+)
You are resistant to electric shocks. (rElec)
You are resistant to unholy torment.
You are immune to petrification.


Message History

The yaktaur is severely wounded.
Unknown command.
Casting: Stone Arrow (safe; 1% risk of failure)
Confirm with . or Enter, or press ? or * to list all spells.
Aiming: Stone Arrow (safe; 1% risk of failure)
Press: ? - help, Shift-Dir - straight line, f - yaktaur, p - yaktaur
Aim: a yaktaur, quivering bolts (95% to hit)
You feel a surge of power!
The stone arrow hits the yaktaur!!
The yaktaur is severely wounded.
Unknown command.
Casting: Stone Arrow (safe; 1% risk of failure)
Confirm with . or Enter, or press ? or * to list all spells.
Aiming: Stone Arrow (safe; 1% risk of failure)
Press: ? - help, Shift-Dir - straight line, f/p - yaktaur
Aim: a yaktaur, quivering bolts (severely wounded, 95% to hit)
You feel a surge of power!
The stone arrow hits the yaktaur!!
You kill the yaktaur!
Vehumet accepts your kill.
You feel your power returning.
You hear a shout!
The yaktaur wields a +0 arbalest.
The yaktaur shoots a bolt.
The bolt hits you.
Unknown command.
Casting: Stone Arrow (safe; 1% risk of failure)
Confirm with . or Enter, or press ? or * to list all spells.
Aiming: Stone Arrow (safe; 1% risk of failure)
Press: ? - help, Shift-Dir - straight line, f - yaktaur
Aim: a yaktaur, wielding a +0 arbalest and quivering bolts (severely wounded, 95% to hit)
You feel a surge of power!
The stone arrow hits the yaktaur!!
You kill the yaktaur!
Vehumet accepts your kill.
A yaktaur comes into view.
The yaktaur shoots a bolt.
The bolt hits you!!
Unknown command.
Casting: Stone Arrow (safe; 1% risk of failure)
Confirm with . or Enter, or press ? or * to list all spells.
You can't see any susceptible monsters within range! (Use Z to cast anyway.)
The yaktaur shouts!
The yaktaur wields a +0 arbalest.
The yaktaur shoots a bolt.
The bolt hits you!!
You die...

#####.#### #.# #.#
#.## #..# ##.## #..#
######.########.###
#..........@..)c...
...####.########c###
#.# #.# #.# #.# #..
##.


You could see 2 yaktaurs.

Vanquished Creatures
  A two-headed ogre (D:8)
  A skeletal warrior (D:8)
  Pikel (D:7)
  2 cyclopes (D:8)
  2 gargoyles
  3 komodo dragons
  A kobold demonologist (D:8)
  2 yaktaurs (D:10)
  2 trolls
  Sigmund (D:5)
  A vampire (D:9)
  Eustachio (D:6)
  3 yaks
  2 steam dragons
  Menkaure (D:6)
  An acid dragon (D:10)
  Duvessa (D:7)
  2 water moccasins
  5 orc warriors
  3 black bears
  A sky beast (D:4)
  2 necrophages
  2 ogres
  7 centaurs
  A phantom (D:4)
  5 kobold brigands
  3 gnoll sergeants
  7 bullfrogs
  2 wyvern zombies (D:8)
  2 scorpions
  Dowan (D:7)
  A water moccasin skeleton (D:6)
  11 killer bees
  A howler monkey (D:8)
  9 wights
  A centaur zombie (D:9)
  3 hounds
  A bullfrog zombie (D:5)
  A jelly (D:8)
  A bullfrog skeleton (D:5)
  A gnoll shaman (D:8)
  2 orc priests
  3 iguanas
  3 orc wizards
  A howler monkey zombie (D:9)
  6 adders
  6 gnolls
  2 shadow imps
  2 white imps
  An ufetubus (D:5)
  3 worms
  A dart slug (D:2)
  18 orcs
  4 endoplasms
  6 giant cockroaches
  3 hobgoblins
  13 jackals
  15 kobolds
  10 quokkas
  12 ball pythons
  5 bats
  6 frilled lizards
  7 goblins
  11 rats
239 creatures vanquished.

Vanquished Creatures (others)
  17 fungi (D:9)
  22 plants
39 creatures vanquished.

Grand Total: 278 creatures vanquished

Notes
Turn   | Place    | Note
-------+----------+-------------------------------------------
     0 | D:1      | ders the Gargoyle Earth Elementalist began the quest for
                  | the Orb.
     0 | D:1      | Reached XP level 1. HP: 10/10 MP: 3/3
   289 | D:1      | Reached skill level 4 in Earth Magic
   289 | D:1      | Reached XP level 2. HP: 10/15 MP: 0/5
  1030 | D:1      | Reached XP level 3. HP: 16/19 MP: 2/7
  1076 | D:1      | Learned a level 3 spell: Stone Arrow
  2178 | D:2      | Reached skill level 1 in Conjurations
  2178 | D:2      | Reached XP level 4. HP: 24/24 MP: 3/8
  2563 | D:2      | Found an ornate altar of the Wu Jian Council.
  2784 | D:3      | Noticed an ogre
  2846 | D:3      | Found a faded altar of an unknown god.
  2889 | D:3      | Found a white marble altar of Elyvilon.
  3249 | D:3      | Found a shimmering blue altar of Sif Muna.
  3261 | D:3      | Found a shadowy altar of Dithmenos.
  3263 | D:3      | Found a hazy altar of Hepliaklqana.
  3299 | D:3      | Found a burning altar of Makhleb.
  3497 | D:3      | Found a glowing silver altar of Zin.
  3498 | D:3      | Found a sparkling altar of Nemelex Xobeh.
  3537 | D:3      | Found a basalt altar of Yredelemnul.
  3538 | D:3      | Found a hide-covered altar of Uskayaw.
  3581 | D:3      | Killed an ogre
  3582 | D:3      | Reached skill level 5 in Earth Magic
  3582 | D:3      | Reached XP level 5. HP: 28/28 MP: 2/10
  3722 | D:4      | Noticed a phantom
  3725 | D:4      | Killed a phantom
  3726 | D:4      | Reached XP level 6. HP: 32/32 MP: 4/12
  4275 | D:4      | Found a glowing golden altar of the Shining One.
  4291 | D:4      | Reached skill level 6 in Earth Magic
  4291 | D:4      | Reached XP level 7. HP: 13/37 MP: 1/14
  4683 | D:4      | Found a transporter.
  4780 | D:4      | Found a transporter.
  4782 | D:4      | Noticed Dvallin's ghost (amateur KoMo)
  4861 | D:5      | Entered Level 5 of the Dungeon
  5021 | D:5      | Reached skill level 5 in Spellcasting
  5255 | D:5      | Found a broken altar of Ashenzari.
  5256 | D:5      | Noticed Sigmund
  5284 | D:5      | Killed Sigmund
  5285 | D:5      | Reached skill level 7 in Earth Magic
  5285 | D:5      | Reached XP level 8. HP: 16/42 MP: 1/16
  5509 | D:5      | Found a transporter.
  5512 | D:5      | Noticed AttackTheMoon's ghost (novice DjFE)
  5513 | D:5      | Noticed a wraith
  5519 | D:5      | Found a transporter.
  5587 | D:5      | Reached skill level 1 in Fighting
  6461 | D:5      | Reached skill level 1 in Short Blades
  6625 | D:6      | Found a staircase to the Ecumenical Temple.
  6656 | Temple   | Entered the Ecumenical Temple
  6911 | Temple   | Became a worshipper of Vehumet
  6948 | D:6      | Reached skill level 8 in Earth Magic
  7104 | D:6      | Found Siodwasm's Jewellery Shoppe.
  7129 | D:6      | Noticed Eustachio
  7136 | D:6      | Killed Eustachio
  7137 | D:6      | Reached skill level 5 in Conjurations
  7340 | D:6      | Reached XP level 9. HP: 45/47 MP: 1/19
  7454 | D:6      | Noticed Menkaure
  7457 | D:6      | Killed Menkaure
  7934 | D:7      | Noticed Pikel
  7944 | D:7      | Killed Pikel
  7945 | D:7      | Reached skill level 9 in Earth Magic
  8124 | D:7      | Reached * piety under Vehumet
  8124 | D:7      | Offered knowledge of Magic Dart by Vehumet.
  8431 | D:7      | Noticed Dowan
  8432 | D:7      | Noticed Duvessa
  8436 | D:7      | Killed Dowan
  8440 | D:7      | Killed Duvessa
  9207 | D:8      | Reached skill level 10 in Earth Magic
  9207 | D:8      | Reached XP level 10. HP: 52/52 MP: 7/22
  9314 | D:8      | Noticed a two-headed ogre
  9450 | D:8      | Noticed a gargoyle
  9454 | D:8      | Killed a gargoyle
  9620 | D:8      | Noticed a cyclops
  9873 | D:8      | Noticed a kobold demonologist
  9876 | D:8      | Killed a kobold demonologist
  9932 | D:8      | Reached skill level 11 in Earth Magic
  9967 | D:8      | Noticed a cyclops
 10662 | D:8      | Reached ** piety under Vehumet
 10664 | D:8      | Offered knowledge of Scorch by Vehumet.
 10834 | D:8      | Noticed a skeletal warrior
 10839 | D:8      | Killed a skeletal warrior
 10840 | D:8      | Reached XP level 11. HP: 51/56 MP: 10/24
 11034 | D:8      | Killed a cyclops
 11196 | D:8      | Killed a two-headed ogre
 11197 | D:8      | Reached skill level 12 in Earth Magic
 11516 | D:9      | Identified the +6 flail of the Wasp {freeze, rElec rN+}
 11697 | D:9      | Reached skill level 10 in Spellcasting
 12442 | D:9      | Found a staircase to the Lair.
 12552 | D:9      | Reached skill level 10 in Conjurations
 12839 | D:8      | Killed a cyclops
 13233 | Lair:1   | Entered Level 1 of the Lair of Beasts
 13273 | D:10     | Entered Level 10 of the Dungeon
 13364 | D:10     | Shot with a bolt by a yaktaur

Illustrated notes

Levels and vault maps discovered:
D:1:      minmay_arrival_stone_box, layout_basic, minmay_misc_feat_chi
D:2:      layout_rooms, serial_aquarium, aquarium_bridge_island_small
          [aquarium_subvault_small_water, aquarium_subvault_bridge,
          aquarium_subvault_bridge, aquarium_subvault_wall,
          aquarium_subvault_wall], aquarium_bridge_long_joined
          [aquarium_subvault_bridge, aquarium_subvault_wall,
          aquarium_subvault_wall, aquarium_subvault_bridge,
          aquarium_subvault_bridge, aquarium_subvault_bridge],
          aquarium_window_1, aquarium_window_3, aquarium_window_1,
          aquarium_view_2e, aquarium_balcony_5b, aquarium_pool_1, basic_altar
D:3:      layout_loops_ring, chequers_temple_overflow_statue_of_worship,
          mainiacjoe_overflow_alcove_3, nicolae_sif_muna_condensation,
          mainiacjoe_overflow_chevrons, basic_ecumenical_altar
D:4:      layout_rooms, nicolae_overflow_crystal_walls,
          gammafunk_ghost_stat_death
D:5:      layout_gridville, lemuel_crystal_altar, gammafunk_ghost_arena,
          minmay_misc_feat_columns, minmay_increasing_density, uniq_sigmund
D:6:      layout_basic, minmay_temple_entry_gardened_gates, serial_shops, shop,
          uniq_eustachio, uniq_menkaure
D:7:      layout_gridville, serial_rivers, chequers_serial_rivers_micro_d,
          chequers_serial_rivers_small_b, chequers_serial_rivers_micro_d,
          chequers_serial_rivers_large_b, uniq_crazy_yiuf_cottage, uniq_pikel,
          uniq_duvessa
D:8:      nzn_winding_woodlands_stair_cross
          [nzn_winding_woodlands_5x15_sawtooth,
          nzn_winding_woodlands_center_pierced_h,
          nzn_winding_woodlands_5x15_lazy_stream,
          nzn_winding_woodlands_hourglass, nzn_winding_woodlands_5x5_three,
          nzn_winding_woodlands_5x15_concentric,
          nzn_winding_woodlands_center_diamonds,
          nzn_winding_woodlands_5x15_crooked], layout_loops_ring,
          chequers_serial_rivers_small_3
D:9:      layout_long_grid, grunt_lair_entry_orc_guard_hut
D:10:     layout_roguey, orc_0_dummy, minivault_27,
          hangedman_abyss_or_decor_jellyfish_corner
Temple:   minmay_temple_curvy_loop
Lair:1:   layout_roguey, nicolae_volcano_entry_batcave

Skill      XL: |  1  2  3  4  5  6  7  8  9 10 11 |
---------------+----------------------------------+-----
Earth Magic    | 4 5 6 7 8 10 11 12 | 12.9
Spellcasting   | 3 4 5 6 8 9 10 | 10.5
Conjurations   | 1 2 3 5 7 9 10 | 10.3
Fighting       | 1 |  1.9
Short Blades   | 1 |  1.1
Stealth        | 3 |  3.9
Maces & Flails | |  0.7
Dodging        | |  1.5
Transmutations | |  0.7

Action                   |  1- 3 |  4- 6 |  7- 9 | 10-12 || total
-------------------------+-------+-------+-------+-------++-------
Melee: Mace              |    23 |       |       |       ||    23
       Dagger            |    17 |     6 |    17 |       ||    40
 Cast: Sandblast         |    45 |    67 |    46 |    56 ||   214
       Stone Arrow       |       |     5 |    84 |   123 ||   212
  Use: Scroll            |       |     7 |     1 |     8 ||    16
       Potion            |       |       |     3 |       ||     3
 Stab: Sleeping          |     1 |       |       |       ||     1
Armor: Robe              |    47 |    18 |    25 |    24 ||   114
       Steam dragon scal |       |       |     5 |       ||     5
Dodge: Dodged            |    74 |    20 |    26 |    82 ||   202

Table legend: (Time is in decaauts)
 A = Elapsed time spent in this place.
 B = Non-inter-level travel time spent in this place.
 C = Inter-level travel time spent in this place.
 D = Time resting spent in this place.
 E = Time spent auto-exploring this place.
 F = Levels seen in this place.
 G = Mean time per level.
                   A        B        C        D        E       F      G
               +--------+--------+--------+--------+--------+-----+--------+
         Total |  13393 |  12885 |    508 |   6001 |   5298 |  12 | 1116.1 |
       Dungeon |  13111 |  12665 |    446 |   5985 |   5103 |  10 | 1311.1 |
        Temple |    280 |    218 |     62 |     16 |    195 |   1 |  280.0 |
          Lair |      1 |      1 |      0 |      0 |      0 |   1 |    1.0 |
               +--------+--------+--------+--------+--------+-----+--------+

Top non-repeatable levels by time:
     D:8: 2485 daAuts
     D:1: 2102 daAuts
     D:9: 1630 daAuts
     D:7: 1522 daAuts
     D:5: 1518 daAuts
     D:4: 1235 daAuts
     D:3: 991 daAuts
     D:6: 789 daAuts
     D:2: 744 daAuts
  Temple: 280 daAuts
    D:10: 90 daAuts
  Lair:1: 1 daAuts
